 Dungeon Crawl Stone Soup version 0.28.0-53-g5a82cb258f (webtiles) character file.

Game seed: 8158671580335067184

48 DildoBatman the Conjurer (level 4, 0/32 HPs)
             Began as a Formicid Conjurer on July 12, 2022.
             Frozen to death by an endoplasm (2 damage)
             ... on level 4 of the Dungeon.
             The game lasted 00:03:09 (1327 turns).

DildoBatman the Conjurer (Formicid Conjurer)        Turns: 1327, Time: 00:03:09

Health: 0/32       AC:  2    Str: 12    XL:     4   Next: 0%
Magic:  6/8        EV:  9    Int: 17    God:
Gold:   58         SH:  0    Dex: 11    Spells: 5/8 levels left

rFire   . . .      SeeInvis +   l - +0 mace
rCold   . . .      Faith    .   (no shield)
rNeg    . . .      Spirit   .   a - +0 robe
rPois   +          Reflect  .   (helmet unavailable)
rElec   .          Harm     .   (no cloak)
rCorr   .          Rampage  .   (no gloves)
Will    .....                   (no boots)
Stlth   ++........              g - amulet of the acrobat
HPRegen 0.10/turn               h - ring of poison resistance
MPRegen 0.11/turn               (no ring)

@: constricted
A: permanent stasis, dig shafts and tunnels, antennae 3, four strong arms
a: Dig, Shaft Self


You were on level 4 of the Dungeon.
You visited 1 branch of the dungeon, and saw 4 of its levels.

You collected 58 gold pieces.

Inventory:

Hand Weapons
 c - a +0 whip
 l - a +0 mace (weapon)
Missiles
 d - 49 bolts
 i - 19 stones
 o - 23 arrows
Armour
 a - a +0 robe (worn)
Jewellery
 g - an amulet of the acrobat (around neck)
 h - a ring of poison resistance (left hand)
Scrolls
 k - a scroll of blinking {unknown}
 n - a scroll of acquirement {unknown}
 p - a scroll of teleportation {unknown}
 q - 2 scrolls of fog {unknown}
 r - a scroll of amnesia {unknown}
 s - a scroll of enchant weapon {unknown}
Potions
 b - a potion of might {unknown}
 e - a potion of flight {unknown}
 f - a potion of invisibility {unknown}
 j - a potion of lignification {unknown}
 m - a potion of curing {unknown}


   Skills:
 * Level 1.5 Fighting
 * Level 1.4 Armour
 - Level 2.0 Dodging
 - Level 2.4 Stealth
 * Level 2.6 Spellcasting
 * Level 3.9 Conjurations


You had 5 spell levels left.
You knew the following spells:

 Your Spells              Type           Power      Damage    Failure   Level
a - Searing Ray           Conj           30%        2d5       5%          2
c - Magic Dart            Conj           60%        1d6       3%          1

Your spell library contained the following spells:

 Spells                   Type           Power      Damage    Failure   Level
 Dazzling Flash           Conj/Hex       16%        N/A       24%         3
 Fulminant Prism          Conj/Hex       4%         3d6       63%         4
 Iskenderun's Mystic Bla  Conj/Tloc      8%         2d4       63%         4


Dungeon Overview and Level Annotations

Branches:
Dungeon (3/15)

Altars:

Annotations:
D:2 1 exclusion
D:3 exclusion: phantom


Innate Abilities, Weirdness & Mutations

You cannot be hasted, slowed, berserked, paralysed or teleported.
You can dig through walls and to a lower floor.
You have a pair of large antennae on your head. (SInv)
Your four strong arms can wield two-handed weapons with a shield.


Message History

The endoplasm hits you but does no damage.
The orc barely misses you. What are your orders? t - Shout!
Orders for allies: a - Attack new target. r - Retreat! s - Stop attacking. g - Guard the area. f - Follow me.
Anything else - Cancel.
You shout for attention!
The ball python barely misses you. The ball python constricts you.
The endoplasm freezes you.
You are frozen.
The orc closely misses you. What are your orders? t - Shout!
Orders for allies: a - Attack new target. r - Retreat! s - Stop attacking. g - Guard the area. f - Follow me.
Anything else - Cancel.
You shout for attention!
The ball python barely misses you. The ball python constricts you.
The endoplasm hits you. The orc hits you with a +0 short sword.
The ball python bites you but does no damage.
The ball python constricts you. What are your orders? t - Shout!
Orders for allies: a - Attack new target. r - Retreat! s - Stop attacking. g - Guard the area. f - Follow me.
Anything else - Cancel.
You shout for attention!
The ball python bites you. The ball python constricts you.
The orc closely misses you. The endoplasm freezes you.
You are frozen.
You die...

## #... ..
#. ... ..#
##. ...#..#
^. ......#
#.#.#.#..#
#........#
#..J....#
#S@...#
......o....#
...#####...#
. .....
...##.# ...#
# ...$ ...##


You could see an orc, an endoplasm and a ball python.

Vanquished Creatures
  A worm (D:2)
  2 dart slugs
  8 endoplasms
  2 giant cockroaches
  2 goblins
  2 hobgoblins
  4 jackals (D:1)
  4 kobolds
  A quokka (D:1)
  2 ball pythons
  4 bats
  3 frilled lizards (D:1)
  2 rats (D:1)
37 creatures vanquished.

Notes
Turn   | Place    | Note
-------+----------+-------------------------------------------
     0 | D:1      | DildoBatman the Formicid Conjurer began the quest for the
                  | Orb.
     0 | D:1      | Reached XP level 1. HP: 13/13 MP: 3/3
   138 | D:1      | Reached XP level 2. HP: 16/20 MP: 0/5
   141 | D:1      | Learned a level 2 spell: Searing Ray
   364 | D:1      | Reached skill level 1 in Fighting
   406 | D:1      | Reached skill level 1 in Armour
   406 | D:1      | Reached XP level 3. HP: 10/26 MP: 3/6
   776 | D:2      | Found a faded altar of an unknown god.
  1255 | D:3      | Noticed a phantom
  1309 | D:3      | Reached XP level 4. HP: 32/32 MP: 4/8
  1311 | D:3      | You fall into a shaft and drop 1 floor!
  1327 | D:4      | Frozen to death by an endoplasm

Illustrated notes

Levels and vault maps discovered:
D:1:      dpeg_arrival_rhombus, layout_rooms, roderic_roman_lattice,
          minmay_pentomino_u4
D:2:      layout_loops_ring, ebering_ecumenical_altar_mist, serial_forest,
          infiniplex_forest_zigzag_2, infiniplex_forest_corner_1,
          infiniplex_forest_clump_small, infiniplex_forest_corner_1,
          minmay_puff, uniq_terence
D:3:      layout_loops_ring, nicolae_elevator_lobby_plus
D:4:      layout_basic, nicolae_overflow_quartered_altars,
          minmay_temple_entry_nine_rooms

Skill      XL: |  1  2 |
---------------+-------+-----
Dodging        | 2 |  2.0
Fighting       | 1 |  1.5
Armour         | 1 |  1.4
Stealth        | |  2.4
Spellcasting   | |  2.6
Conjurations   | |  3.9

Action                   |  1- 3 |  4- 6 || total
-------------------------+-------+-------++-------
Melee: Whip              |    11 |       ||    11
       Mace              |    24 |       ||    24
 Cast: Magic Dart        |    32 |       ||    32
       Searing Ray       |     5 |       ||     5
 Abil: Shaft Self        |       |     1 ||     1
 Stab: Sleeping          |     3 |       ||     3
Armor: Robe              |     3 |     5 ||     8
Dodge: Dodged            |    27 |    14 ||    41
